| TOP OF THE 1ST |
|
Trois-Riveres Aigles batting - Pitching for Detroit Red Wings : RHP Bror Wuopio
|
|
Pitching: RHP Bror Wuopio
|
|
|
Batting: RHB Luis Jara
|
0-0: Called Strike 0-1: Ball 1-1: Foul Ball, location: 2F 1-2: Ground out 6-3 (Groundball, 6, EV 83.8 MPH)
|
|
Batting: RHB Toshikatsu Omori
|
0-0: Ball 1-0: Foul Ball, location: 2F 1-1: Foul Ball, location: 2F 1-2: Fly out, F8 (Flyball, 8RD, EV 105.0 MPH)
|
|
Batting: RHB Sandoval Serzedelo
|
0-0: Ball 1-0: Foul Ball, location: 2F 1-1: Foul Ball, location: 2F 1-2: Foul Ball, location: 2F 1-2: Fly out, F7 (Flyball, 7, EV 89.4 MPH)
|
| Top of the 1st over - 0 runs, 0 hits, 0 errors, 0 left on base; Trois-Riveres 0 - Detroit 0 |
| BOTTOM OF THE 1ST |
|
Detroit Red Wings batting - Pitching for Trois-Riveres Aigles : RHP Jesus Espinosa
|
|
Pitching: RHP Jesus Espinosa
|
|
|
Batting: LHB Duda Pinho
|
0-0: Ground out 6-3 (Groundball, 6M, EV 84.4 MPH)
|
|
Batting: RHB Alex Duarte
|
0-0: Called Strike 0-1: Ball 1-1: Foul Ball, location: 2F 1-2: Foul Ball, location: 2F 1-2: Ball 2-2: Foul Ball, location: 2F 2-2: Ball 3-2: Base on Balls
|
|
Batting: RHB Jorge Lebron
|
0-0: Ball 1-0: Ball 2-0: Called Strike 2-1: Foul Ball, location: 2F 2-2: Strikes out swinging
|
|
Batting: RHB Harry Tugnut
|
0-0: Ball 1-0: Ball 2-0: Swinging Strike 2-1: Swinging Strike 2-2: Ball 3-2: SINGLE (Line Drive, 78S, EV 96.2 MPH) Alex Duarte to second Alex Duarte to third
|
|
Batting: RHB Dustin Bursell
|
0-0: Swinging Strike 0-1: Ball 1-1: Called Strike 1-2: Foul Ball, location: 2F 1-2: Ball 2-2: Ball 3-2: Ground out 1-3 (Groundball, 13S, EV 68.8 MPH)
|
| Bottom of the 1st over - 0 runs, 1 hit, 0 errors, 2 left on base; Trois-Riveres 0 - Detroit 0 |
| TOP OF THE 2ND |
|
Trois-Riveres Aigles batting - Pitching for Detroit Red Wings : RHP Bror Wuopio
|
|
Batting: RHB Alistair Holmes
|
0-0: Ball 1-0: Swinging Strike 1-1: Ball 2-1: Foul Ball, location: 2F 2-2: Strikes out looking
|
|
Batting: RHB Tony Bonilla
|
0-0: Fly out, F7 (Flyball, 7LM, EV 93.8 MPH)
|
|
Batting: RHB Willie Acevedo
|
0-0: Called Strike 0-1: Fly out, F9 (Flyball, 9S, EV 81.9 MPH)
|
| Top of the 2nd over - 0 runs, 0 hits, 0 errors, 0 left on base; Trois-Riveres 0 - Detroit 0 |
| BOTTOM OF THE 2ND |
|
Detroit Red Wings batting - Pitching for Trois-Riveres Aigles : RHP Jesus Espinosa
|
|
Batting: LHB Simon Barry
|
0-0: Foul Ball, location: 2F 0-1: Swinging Strike 0-2: Ball 1-2: Strikes out swinging
|
|
Batting: RHB Carlos Avila
|
0-0: Ball 1-0: Called Strike 1-1: SINGLE (Line Drive, 4MD, EV 100.0 MPH)
|
|
Batting: RHB Cody Kafer
|
0-0: Fly out, F9 (Flyball, 89D, EV 106.2 MPH)
|
|
Batting: SHB Franklin Garza
|
0-0: Fly out, F8 (Flyball, 8LD, EV 96.2 MPH)
|
| Bottom of the 2nd over - 0 runs, 1 hit, 0 errors, 1 left on base; Trois-Riveres 0 - Detroit 0 |
| TOP OF THE 3RD |
|
Trois-Riveres Aigles batting - Pitching for Detroit Red Wings : RHP Bror Wuopio
|
|
Batting: RHB Danny Mota
|
0-0: Called Strike 0-1: Fly out, F9 (Flyball, 9, EV 96.2 MPH)
|
|
Batting: RHB George Connell
|
0-0: Called Strike 0-1: Foul Ball, location: 2F 0-2: Strikes out swinging
|
|
Batting: RHB Gilbert Hoareau
|
0-0: Foul Ball, location: 2F 0-1: Ball 1-1: Foul Ball, location: 2F 1-2: Ball 2-2: Strikes out looking
|
| Top of the 3rd over - 0 runs, 0 hits, 0 errors, 0 left on base; Trois-Riveres 0 - Detroit 0 |
| BOTTOM OF THE 3RD |
|
Detroit Red Wings batting - Pitching for Trois-Riveres Aigles : RHP Jesus Espinosa
|
|
Batting: LHB Duda Pinho
|
0-0: Ball 1-0: Ball 2-0: Ball 3-0: Base on Balls
|
|
Batting: RHB Alex Duarte
|
0-0: Ball 1-0: SINGLE (Groundball, 56D, EV 103.1 MPH) Duda Pinho to second
|
|
Batting: RHB Jorge Lebron
|
0-0: Ball 1-0: Swinging Strike 1-1: Swinging Strike 1-2: Foul Ball, location: 2F 1-2: Strikes out swinging
|
|
Batting: RHB Harry Tugnut
|
0-0: Ball 1-0: Ball 2-0: Ball 3-0: Base on Balls Duda Pinho to third Alex Duarte to second
|
|
Batting: RHB Dustin Bursell
|
0-0: Called Strike 0-1: Foul Ball, location: 2F 0-2: DOUBLE (Flyball, 89D, EV 105.0 MPH) Duda Pinho scores Alex Duarte scores Harry Tugnut to third Runner from 3rd tries for Home, SAFE, throw by RF to home
|
|
Batting: LHB Simon Barry
|
0-0: Ball 1-0: Ball 2-0: Called Strike 2-1: SINGLE (Line Drive, 4D, EV 98.1 MPH) Dustin Bursell to third Runner from 3rd tries for Home, SAFE, throw by RF to home Simon Barry to second
|
|
Now in LF: Derek Weaver
|
|
|
Now in RF: Tony Bonilla
|
|
|
Batting: RHB Carlos Avila
|
0-0: Ball 1-0: Ground out 6-3 (Groundball, 56, EV 94.4 MPH)
|
|
Batting: RHB Cody Kafer
|
0-0: Ball 1-0: Called Strike 1-1: Ball 2-1: Called Strike 2-2: Strikes out swinging
|
| Bottom of the 3rd over - 4 runs, 3 hits, 0 errors, 1 left on base; Trois-Riveres 0 - Detroit 4 |
| TOP OF THE 4TH |
|
Trois-Riveres Aigles batting - Pitching for Detroit Red Wings : RHP Bror Wuopio
|
|
Batting: RHB Luis Jara
|
0-0: Ball 1-0: Ball 2-0: Ball 3-0: Base on Balls
|
|
Batting: RHB Toshikatsu Omori
|
0-0: Swinging Strike 0-1: Ball 1-1: Swinging Strike 1-2: Strikes out swinging
|
|
Batting: RHB Sandoval Serzedelo
|
0-0: Ball 1-0: Called Strike 1-1: Ball 2-1: Called Strike 2-2: Strikes out swinging
|
|
Batting: SHB Derek Weaver
|
0-0: Called Strike 0-1: Hit by Pitch Luis Jara to second
|
|
Batting: RHB Tony Bonilla
|
0-0: Called Strike 0-1: Ball 1-1: Fielders Choice at 2nd, 6-4 (Groundball, 6, EV 79.4 MPH)
|
| Top of the 4th over - 0 runs, 0 hits, 0 errors, 2 left on base; Trois-Riveres 0 - Detroit 4 |
| BOTTOM OF THE 4TH |
|
Detroit Red Wings batting - Pitching for Trois-Riveres Aigles : RHP Jesus Espinosa
|
|
Batting: SHB Franklin Garza
|
0-0: Fly out, F6 (Flyball, 6MD, EV 88.8 MPH)
|
|
Batting: LHB Duda Pinho
|
0-0: Ground out 5-3 (Groundball, 56, EV 90.0 MPH)
|
|
Batting: RHB Alex Duarte
|
0-0: Hit by Pitch
|
|
Batting: RHB Jorge Lebron
|
0-0: Called Strike 0-1: Ball 1-1: Called Strike 1-2: SINGLE (Line Drive, 78S, EV 91.9 MPH) Alex Duarte to second
|
|
Batting: RHB Harry Tugnut
|
0-0: Called Strike 0-1: Swinging Strike 0-2: Ball 1-2: Fly out, F7 (Flyball, 7, EV 76.2 MPH)
|
| Bottom of the 4th over - 0 runs, 1 hit, 0 errors, 2 left on base; Trois-Riveres 0 - Detroit 4 |
| TOP OF THE 5TH |
|
Trois-Riveres Aigles batting - Pitching for Detroit Red Wings : RHP Bror Wuopio
|
|
Batting: RHB Willie Acevedo
|
0-0: Swinging Strike 0-1: Ball 1-1: Swinging Strike 1-2: Strikes out swinging
|
|
Batting: RHB Danny Mota
|
0-0: Swinging Strike 0-1: Foul Ball, location: 2F 0-2: Foul Ball, location: 2F 0-2: Foul Ball, location: 2F 0-2: Strikes out swinging
|
|
Batting: RHB George Connell
|
0-0: Ball 1-0: Called Strike 1-1: Swinging Strike 1-2: Ball 2-2: Ball 3-2: Strikes out swinging
|
| Top of the 5th over - 0 runs, 0 hits, 0 errors, 0 left on base; Trois-Riveres 0 - Detroit 4 |
| BOTTOM OF THE 5TH |
|
Detroit Red Wings batting - Pitching for Trois-Riveres Aigles : RHP Jesus Espinosa
|
|
Batting: RHB Dustin Bursell
|
0-0: Ball 1-0: Ground out 4-3 (Groundball, 4, EV 85.0 MPH)
|
|
Batting: LHB Simon Barry
|
0-0: Called Strike 0-1: Swinging Strike 0-2: SINGLE (Groundball, 34D, EV 107.5 MPH)
|
|
Batting: RHB Carlos Avila
|
0-0: Foul Ball, location: 2F 0-1: SINGLE (Groundball, 13, EV 79.4 MPH) (infield hit) Simon Barry to second
|
|
Batting: RHB Cody Kafer
|
0-0: Called Strike 0-1: Ball 1-1: Called Strike 1-2: SINGLE (Line Drive, 4D, EV 98.1 MPH) Simon Barry to third Carlos Avila to second Runner from 3rd tries for Home, throw by CF and OUT! 8-2
|
|
Batting: SHB Franklin Garza
|
0-0: Called Strike 0-1: Called Strike 0-2: Ball 1-2: Foul Ball, location: 2F 1-2: Foul Ball, location: 2F 1-2: Ball 2-2: Strikes out swinging
|
| Bottom of the 5th over - 0 runs, 3 hits, 0 errors, 2 left on base; Trois-Riveres 0 - Detroit 4 |
| TOP OF THE 6TH |
|
Trois-Riveres Aigles batting - Pitching for Detroit Red Wings : RHP Bror Wuopio
|
|
Batting: RHB Gilbert Hoareau
|
0-0: Called Strike 0-1: Ground out 1-3 (Groundball, 13S, EV 70.6 MPH)
|
|
Batting: RHB Luis Jara
|
0-0: Fly out, F7 (Flyball, 7, EV 80.0 MPH)
|
|
Batting: RHB Toshikatsu Omori
|
0-0: Called Strike 0-1: Called Strike 0-2: Ball 1-2: Foul Ball, location: 2F 1-2: Fly out, F8 (Flyball, 89S, EV 90.6 MPH)
|
| Top of the 6th over - 0 runs, 0 hits, 0 errors, 0 left on base; Trois-Riveres 0 - Detroit 4 |
| BOTTOM OF THE 6TH |
|
Detroit Red Wings batting - Pitching for Trois-Riveres Aigles : RHP Jesus Espinosa
|
|
Batting: LHB Duda Pinho
|
0-0: Foul Ball, location: 2F 0-1: Ball 1-1: Ball 2-1: Foul Ball, location: 2F 2-2: Strikes out swinging
|
|
Batting: RHB Alex Duarte
|
0-0: Called Strike 0-1: Fly out, F7 (Flyball, 7, EV 95.0 MPH)
|
|
Batting: RHB Jorge Lebron
|
0-0: Foul Ball, location: 2F 0-1: Ground out 6-3 (Groundball, 6, EV 83.1 MPH)
|
| Bottom of the 6th over - 0 runs, 0 hits, 0 errors, 0 left on base; Trois-Riveres 0 - Detroit 4 |
| TOP OF THE 7TH |
|
Trois-Riveres Aigles batting - Pitching for Detroit Red Wings : RHP Bror Wuopio
|
|
Batting: RHB Sandoval Serzedelo
|
0-0: Ground out 4-3 (Groundball, 4, EV 94.4 MPH)
|
|
Batting: SHB Derek Weaver
|
0-0: Called Strike 0-1: Ball 1-1: Called Strike 1-2: Ground out 4-3 (Groundball, 34, EV 103.8 MPH)
|
|
Batting: RHB Tony Bonilla
|
0-0: Called Strike 0-1: Foul Ball, location: 2F 0-2: Foul Ball, location: 2F 0-2: Strikes out swinging
|
| Top of the 7th over - 0 runs, 0 hits, 0 errors, 0 left on base; Trois-Riveres 0 - Detroit 4 |
| BOTTOM OF THE 7TH |
|
Detroit Red Wings batting - Pitching for Trois-Riveres Aigles : RHP Jesus Espinosa
|
|
Batting: RHB Harry Tugnut
|
0-0: Ball 1-0: Called Strike 1-1: Called Strike 1-2: SOLO HOME RUN (Flyball, 78XD, EV 115.6 MPH), Distance : 451 ft
|
|
Pitching: RHP Joe Elder
|
|
|
Batting: RHB Dustin Bursell
|
0-0: Called Strike 0-1: Ball 1-1: Ball 2-1: Foul Ball, location: 2F 2-2: Strikes out looking
|
|
Batting: LHB Simon Barry
|
0-0: SINGLE (Groundball, 4D, EV 94.4 MPH)
|
|
Batting: RHB Carlos Avila
|
0-0: Foul Ball, location: 2F 0-1: Foul Ball, location: 2F 0-2: Fly out, F7 (Flyball, 78M, EV 78.8 MPH)
|
|
Batting: RHB Cody Kafer
|
0-0: Swinging Strike 0-1: Fielders Choice at 2nd, 5-4 (Groundball, 56, EV 86.2 MPH)
|
| Bottom of the 7th over - 1 run, 2 hits, 0 errors, 1 left on base; Trois-Riveres 0 - Detroit 5 |
| TOP OF THE 8TH |
|
Trois-Riveres Aigles batting - Pitching for Detroit Red Wings : RHP Bror Wuopio
|
|
Batting: RHB Willie Acevedo
|
0-0: Ball 1-0: Called Strike 1-1: Swinging Strike 1-2: Strikes out swinging
|
|
Batting: RHB Danny Mota
|
0-0: Foul Ball, location: 2F 0-1: Fly out, F8 (Flyball, 8RD, EV 89.4 MPH)
|
|
Batting: RHB George Connell
|
0-0: Ball 1-0: Foul Ball, location: 2F 1-1: SINGLE (Groundball, 6MD, EV 100.6 MPH)
|
|
Batting: RHB Gilbert Hoareau
|
0-0: Called Strike 0-1: Ball 1-1: Ball 2-1: Ball 3-1: SINGLE (Line Drive, 8RS, EV 87.5 MPH) George Connell to second Runner from 2nd tries for 3rd, SAFE, throw by CF made to third
|
|
Batting: RHB Luis Jara
|
0-0: Ball 1-0: Fly out, F8 (Flyball, 8RD, EV 95.0 MPH)
|
| Top of the 8th over - 0 runs, 2 hits, 0 errors, 2 left on base; Trois-Riveres 0 - Detroit 5 |
| BOTTOM OF THE 8TH |
|
Detroit Red Wings batting - Pitching for Trois-Riveres Aigles : RHP Joe Elder
|
|
Batting: SHB Franklin Garza
|
0-0: Ball 1-0: Foul Ball, location: 2F 1-1: Ball 2-1: SOLO HOME RUN (Flyball, 7D, EV 100.0 MPH), Distance : 385 ft
|
|
Batting: LHB Duda Pinho
|
0-0: Ball 1-0: Called Strike 1-1: Ball 2-1: Fly out, F3 (Line Drive, 3, EV 66.9 MPH)
|
|
Batting: RHB Alex Duarte
|
0-0: Ground out 4-3 (Groundball, 4S, EV 89.4 MPH)
|
|
Batting: RHB Jorge Lebron
|
0-0: Called Strike 0-1: Foul Ball, location: 2F 0-2: Ball 1-2: Foul Ball, location: 2F 1-2: DOUBLE (Groundball, 5L, EV 105.6 MPH)
|
|
Batting: RHB Harry Tugnut
|
0-0: Ball 1-0: Ball 2-0: Ball 3-0: Called Strike 3-1: Foul Ball, location: 2F 3-2: Foul Ball, location: 2F 3-2: Strikes out swinging
|
| Bottom of the 8th over - 1 run, 2 hits, 0 errors, 1 left on base; Trois-Riveres 0 - Detroit 6 |
| TOP OF THE 9TH |
|
Trois-Riveres Aigles batting - Pitching for Detroit Red Wings : RHP Bror Wuopio
|
|
Batting: RHB Toshikatsu Omori
|
0-0: Ball 1-0: Ball 2-0: DOUBLE (Flyball, 89D, EV 98.1 MPH)
|
|
Batting: LHB Ian Cranton
|
0-0: Called Strike 0-1: Called Strike 0-2: Ball 1-2: Ball 2-2: Strikes out swinging
|
|
Pinch Hitting: RHB Gabe Wilcoxon
|
0-0: Ball 1-0: Called Strike 1-1: Fly out, F7 (Line Drive, 7S, EV 95.0 MPH)
|
|
Pinch Hitting: LHB Jonathan Watt
|
0-0: Ball 1-0: Ball 2-0: Foul Ball, location: 2F 2-1: Ground out 4-3 (Groundball, 34, EV 86.2 MPH)
|
| Top of the 9th over - 0 runs, 1 hit, 0 errors, 1 left on base; Trois-Riveres 0 - Detroit 6 |
|